 Dungeon Crawl Stone Soup version 0.30-a0-728-gc68057b (webtiles) character file.

Game seed: 5225014830539597768

9110 Illumine the Martial Artist (level 11, -1/100 HPs)
             Began as a Gnoll Transmuter on Jan 31, 2023.
             Was an Initiate of Gozag.
             Slain by a rust devil (3 damage)
             ... summoned by a kobold demonologist
             ... on level 10 of the Dungeon.
             The game lasted 00:14:13 (9497 turns).

Illumine the Martial Artist (Gnoll Transmuter)      Turns: 9497, Time: 00:14:14

Health: -1/100     AC: -11   Str: 12    XL:     11   Next: 41%
Magic:  19/23      EV: 18    Int: 20    God:    Gozag
Gold:   1582       SH:  5    Dex: 13    Spells: 16/26 levels left

rFire   x . .      SeeInvis .      - Unarmed
rCold   + + +      Faith    .    (shield currently unavailable)
rNeg    . . .      Spirit   .    (body armour currently unavailable)
rPois   +          Reflect  +    (helmet currently unavailable)
rElec   .          Harm     .    (cloak currently unavailable)
rCorr   .          Rampage  .    (gloves currently unavailable)
Will    .....                    (boots currently unavailable)
Stlth   +++                      s - amulet of reflection
HPRegen 0.36/turn                o - +5 ring of evasion
MPRegen 0.18/turn                u - +6 ring of intelligence

@: ice-form, wereblooded, spiked, corroded
A: freezing attack, amphibious, boosted hp, large, (fangs 1), strong nose,
distributed training
a: End Transformation, Renounce Religion, Potion Petition, Call Merchant, Bribe
Branch


You were on level 10 of the Dungeon.
You worshipped Gozag.
Gozag was most pleased with you.
You were a creature of crystalline ice.
You visited 1 branch of the dungeon, and saw 10 of its levels.

You collected 1647 gold pieces.
You paid 65 gold pieces to Gozag.

Inventory:

Missiles
 h - 3 curare-tipped darts
Armour
 c - a +2 hat (melded)
 g - a +0 pair of gloves (melded)
 i - a +0 cloak (melded)
 n - a +0 pair of boots (melded)
 A - the +1 robe "Uciesan" (melded) {Stlth+}
   (You found it on level 5 of the Dungeon)

   Stlth:     It makes you more stealthy.
Magical Staves
 y - a staff of fire
Jewellery
 o - a +5 ring of evasion (left front paw)
 s - an amulet of reflection (around neck)
 u - a +6 ring of intelligence (right front paw)
 v - a ring of fire
 z - a ring of see invisible
Wands
 q - a wand of acid (23)
Scrolls
 a - a scroll of amnesia
 d - 4 scrolls of fog
 e - 4 scrolls of teleportation
 k - a scroll of silence
 p - a scroll of fear {unknown}
 r - 2 scrolls of immolation {unknown}
 B - a scroll of vulnerability {unknown}
 C - 2 scrolls of enchant armour {unknown}
Potions
 b - 4 potions of lignification
 f - 4 potions of attraction
 j - 2 potions of magic
 l - a potion of haste
 m - 3 potions of curing
 t - 3 potions of mutation {unknown}
 w - 2 potions of cancellation {unknown}
 x - a potion of invisibility {unknown}
 D - 2 potions of heal wounds {unknown}


   Skills:
 + Level 7.0 Fighting
 + Level 6.5 Short Blades
 + Level 6.5 Long Blades
 + Level 6.5 Axes
 + Level 6.5 Maces & Flails
 + Level 6.5 Polearms
 + Level 6.5 Staves
 + Level 6.5 Ranged Weapons
 + Level 6.5 Throwing
 + Level 6.5 Armour
 + Level 8.0 Dodging
 + Level 6.5 Stealth
 + Level 6.5 Shields
 + Level 9.3 Unarmed Combat
 + Level 8.3 Spellcasting
 + Level 5.4 Conjurations
 + Level 5.4 Hexes
 + Level 5.4 Summonings
 + Level 5.4 Necromancy
 + Level 5.4 Translocations
 + Level 6.7 Transmutations
 + Level 5.4 Fire Magic
 + Level 5.4 Ice Magic
 + Level 5.4 Air Magic
 + Level 5.4 Earth Magic
 + Level 5.4 Poison Magic
 + Level 7.1 Invocations
 + Level 6.5 Evocations


You had 16 spell levels left.
You knew the following spells:

 Your Spells              Type           Power      Damage    Failure   Level
a - Beastly Appendage     Tmut           70%        N/A       1%          1
b - Wereblood             Tmut           35%        N/A       1%          2
c - Spider Form           Tmut/Pois      32%        N/A       1%          3
d - Ice Form              Ice/Tmut       32%        N/A       7%          4

Your spell library contained the following spells:

 Spells                   Type           Power      Damage    Failure   Level
 Sandblast                Erth           58%        2d13      1%          1
 Cigotuvi's Dreadful Rot  Necr/Pois/Air  58%        N/A       1%          2
 Passwall                 Tmut/Erth      26%        N/A       1%          2
 Poisonous Vapours        Pois/Air       58%        N/A       1%          2
 Mephitic Cloud           Conj/Pois/Air  29%        N/A       2%          3
 Stone Arrow              Conj/Erth      58%        3d10      2%          3
 Freezing Cloud           Conj/Ice/Air   14%        6-21      26%         5
 Polar Vortex             Ice            14%        N/A       100%        9
 Simulacrum               Ice/Necr       Unusable   N/A       N/A         6

Dungeon Overview and Level Annotations

Branches:
Dungeon (10/15)            Temple (0/1) D:6
   Lair: D:8-11         Orc: D:9-12

Altars:
Ashenzari
Elyvilon
Gozag
Hepliaklqana
Makhleb
Okawaru
Uskayaw

Shops:
D:9 (

Annotations:
D:5 1 runed translucent door, Kave's ghost, novice TrTm
D:7 1 runed translucent door, RazingBull's ghost, novice HOFi


Innate Abilities, Weirdness & Mutations

You are a creature of crystalline ice.
You have a powerful freezing melee attack.
You are amphibious.
Your maximum health is increased.
Your armour is entirely melded.
You are incapable of wielding weapons or throwing items.
((You have very sharp teeth.))
Your uncanny sense of smell can sniff out nearby items.
Your experience applies equally to all skills.


Message History

You closely miss the kobold demonologist.
The kobold demonologist is almost dead.
The kobold demonologist hits you with a +0 dagger.
* * * LOW HITPOINT WARNING * * *
The crimson imp hits you.
* * * LOW HITPOINT WARNING * * *
The white imp barely misses you. You block the rust devil's attack.
The red devil closely misses you.
You hit the kobold demonologist but do no damage.
The kobold demonologist is almost dead.
The kobold demonologist misses you. The crimson imp barely misses you.
The white imp closely misses you.
The red devil hits you from afar with a +0 trident!
* * * LOW HITPOINT WARNING * * *
Barbed spikes become lodged in your body.
The rust devil completely misses you.
You closely miss the kobold demonologist.
The kobold demonologist is almost dead.
The kobold demonologist misses you. The crimson imp barely misses you.
The white imp misses you.
You closely miss the kobold demonologist.
The kobold demonologist is almost dead.
The rust devil closely misses you. The red devil barely misses you.
The kobold demonologist hits you with a +0 dagger.
* * * LOW HITPOINT WARNING * * *
Unknown command.
You hit the kobold demonologist but do no damage.
The kobold demonologist is almost dead.
The crimson imp closely misses you.
The white imp shouts, "Beg for mercy, thou pribbling nut-hook maggot-pie!"
The white imp misses you. You block the red devil's attack.
You block the rust devil's attack.
You hit the kobold demonologist but do no damage.
The kobold demonologist is almost dead.
The red devil disappears in a puff of smoke!
You block the kobold demonologist's attack.
The white imp closely misses you. The crimson imp barely misses you.
The rust devil hits you.
You die...
Your body crumbles into a pile of gold.

#...##.##..#..######
#.).##.)..##........
##...######......... .
##.........#.######
..###.........# $
#...####....########
#........####........
?##...####............
..###Y5.............
..##4K45.......######
#.ยง5######.........
#...##....##........
#... #)##..#....####
##.. ###...#....# ##
.....##....#
...####....# ###
######


You could see an ice devil (summoned), a rust devil (summoned), a kobold
demonologist, a quasit (summoned), a crimson imp (summoned) and a white imp
(summoned).

Vanquished Creatures
  2 two-headed ogres
  A komodo dragon (D:8)
  An unseen horror skeleton (D:10)
  A hornet (D:8)
  Grinder (D:5)
  5 flying skulls (D:10)
  2 wraiths (D:10)
  A centaur simulacrum (D:10)
  A shadow (D:10)
  An unseen horror simulacrum (D:10)
  4 yaks (D:8)
  A wyvern (D:8)
  Grum (D:9)
  2 steam dragons
  A water moccasin (D:9)
  3 orc warriors
  2 sky beasts
  4 ice beasts
  A black bear (D:8)
  An ogre (D:5)
  7 wolves
  2 centaurs (D:8)
  3 bullfrogs
  2 kobold brigands
  2 gnoll sergeants (D:10)
  2 scorpions
  4 wights (D:7)
  9 killer bees
  3 howler monkeys
  3 electric eels (D:8)
  5 jellies
  A gnoll bouda (D:7)
  8 orc priests
  3 hounds
  7 iguanas
  6 orc wizards
  A hell rat (D:10)
  13 gnolls
  7 adders
  4 white imps
  A howler monkey simulacrum (D:8)
  3 ufetubi
  A worm (D:3)
  4 dart slugs
  20 orcs
  7 ball pythons
  4 endoplasms
  3 giant cockroaches
  5 goblins
  6 hobgoblins
  4 jackals (D:5)
  7 quokkas
  4 bats
  4 frilled lizards
  22 kobolds
  5 rats
228 creatures vanquished.

Vanquished Creatures (others)
  76 plants
76 creatures vanquished.

Grand Total: 304 creatures vanquished

Notes
Turn   | Place    | Note
-------+----------+-------------------------------------------
     0 | D:1      | Illumine the Gnoll Transmuter began the quest for the Orb.
     0 | D:1      | Reached XP level 1. HP: 17/17 MP: 6/6
   177 | D:1      | Reached XP level 2. HP: 23/23 MP: 7/7
   421 | D:1      | Reached skill level 5 in Spellcasting
   421 | D:1      | Reached XP level 3. HP: 26/28 MP: 7/9
   730 | D:2      | Reached skill level 1 in Invocations
   873 | D:2      | Reached skill level 1 in Short Blades
   873 | D:2      | Reached skill level 1 in Long Blades
   873 | D:2      | Reached skill level 1 in Axes
   873 | D:2      | Reached skill level 1 in Maces & Flails
   873 | D:2      | Reached skill level 1 in Polearms
   873 | D:2      | Reached skill level 1 in Staves
   873 | D:2      | Reached skill level 1 in Ranged Weapons
   873 | D:2      | Reached skill level 1 in Throwing
   873 | D:2      | Reached skill level 1 in Armour
   873 | D:2      | Reached skill level 1 in Stealth
   873 | D:2      | Reached skill level 1 in Shields
   873 | D:2      | Reached skill level 1 in Evocations
   877 | D:2      | Reached XP level 4. HP: 28/34 MP: 11/11
   893 | D:2      | Reached skill level 1 in Conjurations
   893 | D:2      | Reached skill level 1 in Hexes
   893 | D:2      | Reached skill level 1 in Summonings
   893 | D:2      | Reached skill level 1 in Necromancy
   893 | D:2      | Reached skill level 1 in Translocations
   893 | D:2      | Reached skill level 1 in Fire Magic
   893 | D:2      | Reached skill level 1 in Ice Magic
   893 | D:2      | Reached skill level 1 in Air Magic
   893 | D:2      | Reached skill level 1 in Earth Magic
   893 | D:2      | Reached skill level 1 in Poison Magic
  1469 | D:3      | Reached XP level 5. HP: 27/41 MP: 12/12
  2197 | D:4      | Learned a level 2 spell: Wereblood
  2223 | D:4      | Reached skill level 5 in Dodging
  2223 | D:4      | Reached XP level 6. HP: 44/47 MP: 14/14
  2636 | D:4      | Learned a level 3 spell: Spider Form
  2717 | D:4      | Found an iron altar of Okawaru.
  2717 | D:4      | Found a white marble altar of Elyvilon.
  2722 | D:4      | Found an opulent altar of Gozag.
  2725 | D:4      | Found a hazy altar of Hepliaklqana.
  2728 | D:4      | Became a worshipper of Gozag Ym Sagoz the Greedy
  2730 | D:4      | Found a hide-covered altar of Uskayaw.
  2734 | D:4      | Found a broken altar of Ashenzari.
  2965 | D:5      | Entered Level 5 of the Dungeon
  3157 | D:5      | Noticed Grinder
  3160 | D:5      | Reached skill level 7 in Unarmed Combat
  3160 | D:5      | Reached XP level 7. HP: 52/52 MP: 11/15
  3170 | D:5      | Killed Grinder
  3308 | D:5      | Found a runed translucent door.
  3310 | D:5      | Noticed Kave's ghost (novice TrTm)
  3342 | D:5      | Found a burning altar of Makhleb.
  3449 | D:5      | Noticed a steam dragon
  3498 | D:6      | Found a staircase to the Ecumenical Temple.
  3546 | D:6      | Reached XP level 8. HP: 40/60 MP: 12/16
  4198 | D:6      | Learned a level 4 spell: Ice Form
  4381 | D:7      | Found a runed translucent door.
  4382 | D:7      | Noticed RazingBull's ghost (novice HOFi)
  4569 | D:7      | Reached skill level 5 in Transmutations
  4724 | D:7      | Reached XP level 9. HP: 66/66 MP: 12/18
  5226 | D:7      | Reached skill level 5 in Fighting
  5795 | D:8      | Reached skill level 8 in Unarmed Combat
  5859 | D:8      | Reached skill level 5 in Invocations
  6324 | D:5      | Reached skill level 5 in Short Blades
  6324 | D:5      | Reached skill level 5 in Long Blades
  6324 | D:5      | Reached skill level 5 in Axes
  6324 | D:5      | Reached skill level 5 in Maces & Flails
  6324 | D:5      | Reached skill level 5 in Polearms
  6324 | D:5      | Reached skill level 5 in Staves
  6324 | D:5      | Reached skill level 5 in Ranged Weapons
  6324 | D:5      | Reached skill level 5 in Throwing
  6324 | D:5      | Reached skill level 5 in Armour
  6324 | D:5      | Reached skill level 5 in Stealth
  6324 | D:5      | Reached skill level 5 in Shields
  6324 | D:5      | Reached skill level 5 in Evocations
  6324 | D:5      | Reached XP level 10. HP: 76/76 MP: 14/20
  6370 | D:5      | Identified the +1 robe "Uciesan" {Stlth+}
  7824 | D:9      | Found Nanam's Weapon Shop.
  7899 | D:9      | Noticed a two-headed ogre
  8034 | D:9      | Noticed Grum
  8058 | D:9      | Killed Grum
  8122 | D:9      | Killed a two-headed ogre
  8671 | D:9      | Reached skill level 9 in Unarmed Combat
  8795 | D:10     | Entered Level 10 of the Dungeon
  8795 | D:10     | Noticed a two-headed ogre
  8807 | D:10     | Killed a two-headed ogre
  8808 | D:10     | Reached skill level 5 in Conjurations
  8808 | D:10     | Reached skill level 5 in Hexes
  8808 | D:10     | Reached skill level 5 in Summonings
  8808 | D:10     | Reached skill level 5 in Necromancy
  8808 | D:10     | Reached skill level 5 in Translocations
  8808 | D:10     | Reached skill level 5 in Fire Magic
  8808 | D:10     | Reached skill level 5 in Ice Magic
  8808 | D:10     | Reached skill level 5 in Air Magic
  8808 | D:10     | Reached skill level 5 in Earth Magic
  8808 | D:10     | Reached skill level 5 in Poison Magic
  8808 | D:10     | Reached XP level 11. HP: 60/83 MP: 16/23
  9493 | D:10     | HP: 4/100 [red devil/+0 trident[a kobold demonologist] (8)]
  9497 | D:10     | Slain by a rust devil

Illustrated notes

Levels and vault maps discovered:
D:1:      roderic_crop_circles_arrival_small, layout_loops_ring
D:2:      layout_rooms, minmay_small_reverse_x
D:3:      layout_rooms
D:4:      layout_basic, nicolae_overflow_hallway_of_the_gods, grunt_ministairs_6
D:5:      kennysheep_spiral_hall, layout_basic, nicolae_overflow_crystal_walls,
          ebering_ghost_sewer_d, uniq_grinder
D:6:      layout_cave_pools, minmay_temple_entry_antechambers
D:7:      layout_basic, ebering_ghost_reflecting_pool,
          dreamdust_princess_bridge, grunt_ministairs_7
D:8:      layout_loops_ring, serial_ice, serial_ice_k, serial_ice_e,
          serial_ice_a, serial_ice_o, serial_ice_m, serial_ice_f,
          amcnicky_mini_rare_corridor_liquid, hangedman_decor_points,
          st_stairs_14, minmay_lizard_king
D:9:      layout_gridville, serial_shops, shop, uniq_grum
D:10:     lemuel_vampire_tower, layout_long_grid, minmay_puff

Skill      XL: |  1  2  3  4  5  6  7  8  9 10 11 |
---------------+----------------------------------+-----
Spellcasting   | 5 6 7 8 |  8.3
Invocations    | 1 2 3 4 5 6 7 |  7.1
Short Blades   | 1 2 3 5 6 |  6.5
Long Blades    | 1 2 3 5 6 |  6.5
Axes           | 1 2 3 5 6 |  6.5
Maces & Flails | 1 2 3 5 6 |  6.5
Polearms       | 1 2 3 5 6 |  6.5
Staves         | 1 2 3 5 6 |  6.5
Ranged Weapons | 1 2 3 5 6 |  6.5
Throwing       | 1 2 3 5 6 |  6.5
Armour         | 1 2 3 5 6 |  6.5
Stealth        | 1 2 3 5 6 |  6.5
Shields        | 1 2 3 5 6 |  6.5
Evocations     | 1 2 3 5 6 |  6.5
Conjurations   | 1 2 3 4 5 |  5.4
Hexes          | 1 2 3 4 5 |  5.4
Summonings     | 1 2 3 4 5 |  5.4
Necromancy     | 1 2 3 4 5 |  5.4
Translocations | 1 2 3 4 5 |  5.4
Fire Magic     | 1 2 3 4 5 |  5.4
Ice Magic      | 1 2 3 4 5 |  5.4
Air Magic      | 1 2 3 4 5 |  5.4
Earth Magic    | 1 2 3 4 5 |  5.4
Poison Magic   | 1 2 3 4 5 |  5.4
Fighting       | 3 4 5 6 7 |  7.0
Transmutations | 4 5 6 |  6.7
Dodging        | 5 6 7 8 |  8.0
Unarmed Combat | 7 8 9 |  9.3

Action                     |  1- 3 |  4- 6 |  7- 9 | 10-12 || total
---------------------------+-------+-------+-------+-------++-------
  Melee: Unarmed           |    99 |   204 |   259 |   270 ||   832
         Bite              |     6 |    21 |     8 |       ||    35
         Punch             |     7 |     8 |     2 |     1 ||    18
         Kick              |       |     6 |    11 |       ||    17
         Headbutt          |       |     4 |     2 |       ||     6
   Cast: Beastly Appendage |       |     4 |     7 |       ||    11
         Spider Form       |       |     3 |    12 |     3 ||    18
         Wereblood         |       |       |    10 |    17 ||    27
         Ice Form          |       |       |     6 |    21 ||    27
    Use: Scroll            |       |     6 |     2 |     1 ||     9
   Stab: Sleeping          |     3 |     2 |     2 |       ||     7
         Distracted        |     1 |       |       |     1 ||     2
 Armour: Robe              |    22 |    48 |     7 |     6 ||    83
         Skin              |       |     2 |    12 |    38 ||    52
  Dodge: Dodged            |    66 |   163 |   208 |   199 ||   636
  Block: Other             |       |     9 |    56 |    56 ||   121
         Reflection        |       |       |     1 |     1 ||     2

Table legend: (Time is in decaauts)
 A = Elapsed time spent in this place.
 B = Non-inter-level travel time spent in this place.
 C = Inter-level travel time spent in this place.
 D = Time resting spent in this place.
 E = Time spent auto-exploring this place.
 F = Levels seen in this place.
 G = Mean time per level.
                   A        B        C        D        E       F      G
               +--------+--------+--------+--------+--------+-----+--------+
         Total |   9392 |   9118 |    274 |    900 |   6151 |  10 |  939.2 |
       Dungeon |   9392 |   9118 |    274 |    900 |   6151 |  10 |  939.2 |
               +--------+--------+--------+--------+--------+-----+--------+

Top non-repeatable levels by time:
     D:7: 1593 daAuts
     D:8: 1348 daAuts
     D:5: 1053 daAuts
     D:9: 1026 daAuts
     D:4: 859 daAuts
     D:2: 838 daAuts
     D:6: 748 daAuts
    D:10: 687 daAuts
     D:1: 687 daAuts
     D:3: 549 daAuts
